 Dungeon Crawl Stone Soup version 0.31.0-32-g396128a36d (webtiles) character file.

Game seed: 1058238776527935550

32 ShadeLightTheory the Grave Robber (level 3, -4/24 HPs)
             Began as a Human Necromancer on Mar 12, 2024.
             Slain by a scorpion (6 damage)
             ... on level 4 of the Dungeon.
             The game lasted 00:10:48 (848 turns).

ShadeLightTheory the Grave Robber (HuNe)             Turns: 848, Time: 00:10:48

Health: -4/24      AC:  2    Str:  8    XL:     3   Next: 25%
Magic:  0/7        EV: 12    Int: 17    God:
Gold:   50         SH:  0    Dex: 13    Spells: 6/7 levels left

rFire   . . .        d - +0 dagger
rCold   . . .        (no shield)
rNeg    . . .        a - +0 robe
rPois   .            (no helmet)
rElec   .            (no cloak)
rCorr   .            (no gloves)
SInv    .            (no boots)
Will    .....        (no amulet)
Stlth   ++           (no ring)
HPRegen 0.24/turn    (no ring)
MPRegen 0.10/turn

%: no passive effects
@: lethally poisoned (-4 -> -10)
A: explore regen
a: no special abilities


You were on level 4 of the Dungeon.
You visited 1 branch of the dungeon, and saw 4 of its levels.

You collected 50 gold pieces.

Inventory:

Hand Weapons
 d - a +0 dagger (weapon)
Missiles
 c - 10 stones
Armour
 a - a +0 robe (worn)
Scrolls
 e - a scroll of teleportation {unknown}
Potions
 b - a potion of magic


   Skills:
 + Level 2.1 Dodging
 + Level 2.2 Stealth
 + Level 0.2 Unarmed Combat
 + Level 2.6 Spellcasting
 + Level 4.3 Necromancy


You had 6 spell levels left.
You knew the following spells:

 Your Spells              Type           Power      Damage    Failure   Level
a - Necrotise             Necr           68%        1d7       3%          1

Your spell library contained the following spells:

 Spells                   Type           Power      Damage    Failure   Level
 Vampiric Draining        Necr           17%        2d7       9%          3
 Apportation              Tloc           4%         N/A       19%         1
 Foxfire                  Conj/Fire      8%         2x1d4     19%         1
 Sandblast                Erth           4%         2d4       19%         1
 Animate Dead             Necr           17%        N/A       30%         4
 Curse of Agony           Necr           17%        N/A       63%         5


Dungeon Overview and Level Annotations

Branches:
Dungeon (4/15)
 Temple: D:4-7

Altars:

Annotations:
D:3 3 runed translucent doors, kftrendy's ghost, amateur VSBe


Innate Abilities, Weirdness & Mutations

You regain HP and MP as you explore.


Message History

The orc wizard hits your orc skeleton with a +0 dagger.
The jackal bites you. The orc priest closely misses you.
You hit the orc priest.
The orc priest is severely wounded.
Your orc skeleton barely misses the jackal.
A jackal comes into view.
The jackal misses you.
Your goblin skeleton hits the jackal.
The orc priest barely misses you.
You hit the orc priest.
The orc priest is almost dead.
The jackal bites you.
Your orc skeleton hits the jackal but does no damage.
Your goblin skeleton misses the orc priest.
You hit the orc priest.
The orc priest is almost dead.
The jackal barely misses you. The scorpion barely misses you.
Your orc skeleton hits the jackal.
The jackal barely misses your orc skeleton.
The orc priest calls down the wrath of Beogh upon you.
Beogh smites you!
The orc wizard hits you with a +0 dagger.
You hit the orc priest but do no damage.
The orc priest is almost dead.
The scorpion stings you.
* * * LOW HITPOINT WARNING * * *
You are lethally poisoned!
The scorpion poisons you! The jackal bites your orc skeleton.
Your goblin skeleton closely misses the orc priest.
Your orc skeleton hits the jackal.
The orc wizard gestures at you while chanting.
The puff of flame misses you. The orc priest closely misses you.
Aiming: Necrotise (safe; 3% risk of failure)
Press: ? - help, Q - select action, (/) - cycle Shift-Dir - straight line, f/p - orc priest
Aim: an orc priest, wielding a +0 whip and wearing a +0 leather armour (almost dead, ally target, chance to affect: 75%)
The orc priest writhes in agony.
You kill the orc priest!
The dead are walking!
* * * LOW HITPOINT WARNING * * *
You feel sick. The scorpion stings you.
You die...

####.
######+#[....
#........# # .
#......s.#[...
#.....@o.h)#
#.....)h.###
#......ZZ....
#..<.Z)..####
#........#
#...######
#...# #...#
#####


You could see a scorpion, an orc wizard, 2 jackals, a friendly goblin skeleton,
a friendly orc skeleton and a friendly orc priest skeleton.

Vanquished Creatures
  An orc priest (D:4)
  An adder (D:3)
  An orc (D:4)
  2 endoplasms (D:1)
  3 giant cockroaches
  A goblin (D:4)
  A hobgoblin (D:1)
  2 jackals (D:2)
  A quokka (D:1)
  3 bats
  A frilled lizard (D:1)
  A kobold (D:1)
  A rat (D:1)
19 creatures vanquished.

Vanquished Creatures (collateral kills)
  A goblin (D:2)
  A rat (D:1)
2 creatures vanquished.

Grand Total: 21 creatures vanquished

Notes
Turn   | Place    | Note
-------+----------+-------------------------------------------
     0 | D:1      | ShadeLightTheory the Human Necromancer began the quest for
                  | the Orb.
     0 | D:1      | Reached XP level 1. HP: 13/13 MP: 3/3
    57 | D:1      | Got Liwy's Incantation for Initiates
   182 | D:1      | Reached XP level 2. HP: 19/19 MP: 1/5
   693 | D:3      | Found a runed translucent gate.
   694 | D:3      | Found a runed translucent gate.
   694 | D:3      | Found a runed translucent gate.
   728 | D:3      | Reached XP level 3. HP: 21/24 MP: 0/6
   729 | D:3      | Noticed kftrendy's ghost (amateur VSBe)
   838 | D:4      | Noticed a scorpion
   848 | D:4      | Slain by a scorpion

Illustrated notes

Levels and vault maps discovered:
D:1:      wander_arrival_estate, layout_rooms, st_stairs_6,
          hangedman_decor_growths, eino_curves_02
D:2:      layout_loops_ring, chequers_serial_rivers_large_a
D:3:      layout_loops_ring, gammafunk_ghost_icy, nicolae_hexahallways
D:4:      layout_basic, kennysheep_pointless_box

Action                     || total
---------------------------++-------
  Melee: Unarmed           ||    10
         Dagger            ||    34
   Cast: Necrotise         ||    39
 Armour: Robe              ||    36
  Dodge: Dodged            ||    37
